 Dungeon Crawl Stone Soup version 0.19.5 (webtiles) character file.

426 Haldmier the Slasher (level 6, -8/39 HPs)
             Began as a High Elf Skald on Mar 16, 2017.
             Killed from afar by Sigmund (10 damage)
             ... with a puff of flame
             ... on level 2 of the Dungeon.
             The game lasted 00:19:21 (5142 turns).

Haldmier the Slasher (High Elf Skald)               Turns: 5142, Time: 00:19:22

Health: -8/39      AC:  6    Str: 13    XL:     6   Next: 64%
Magic:  2/10       EV: 11    Int: 17    God:
Gold:   109        SH:  0    Dex: 14    Spells: 4 memorised, 1 level left

rFire  . . .     SeeInvis .     a - +0 falchion
rCold  . . .     Gourm    .     b - +0 leather armour
rNeg   . . .     Faith    .     (no shield)
rPois  .         Spirit   .     y - +2 helmet
rElec  .         Reflect  .     (no cloak)
rCorr  .         Harm     .     (no gloves)
MR     .....                    (no boots)
Stlth  +.........               (no amulet)
                                (no ring)
                                (no ring)

@: no status effects
A: no striking features
a: no special abilities


You were on level 2 of the Dungeon.
You were not hungry.

You visited 1 branch of the dungeon, and saw 3 of its levels.

You collected 109 gold pieces.

Inventory:

Hand Weapons
 a - a +0 falchion (weapon)
 r - a +0 hand crossbow
 w - a +0 rapier
Missiles
 D - 3 tomahawks (quivered)
 E - 23 stones
Armour
 b - a +0 leather armour (worn)
 n - a cursed +0 ring mail
 s - a +0 shield
 y - a +2 helmet (worn)
Jewellery
 j - an uncursed ring of resist corrosion {unknown}
Scrolls
 i - 5 scrolls of identify {unknown}
 k - 2 scrolls of teleportation {unknown}
 l - 4 scrolls of remove curse {unknown}
 u - a scroll of random uselessness {unknown}
 x - a scroll of recharging {unknown}
 B - a scroll of immolation {unknown}
 F - a scroll of amnesia {unknown}
Potions
 e - a potion of agility
 h - 2 potions of magic {unknown}
 m - 2 potions of curing {unknown}
 o - a potion of brilliance {unknown}
 p - a potion of degeneration {unknown}
 q - a potion of cancellation {unknown}
 z - 2 potions of ambrosia {unknown}
 C - a potion of lignification {unknown}
Books
 c - a book of Battle

   Spells                             Type                      Level
   a - Infusion                       Charms                       1
   b - Shroud of Golubria             Charms/Translocation         2
   c - Song of Slaying                Charms                       2
   d - Spectral Weapon                Hexes/Charms                 3
   e - Regeneration                   Charms/Necromancy            3
 t - a book of Cantrips

   Spells                             Type                      Level
   a - Confusing Touch                Hexes                        1
   b - Animate Skeleton               Necromancy                   1
   c - Summon Small Mammal            Summoning                    1
   d - Apportation                    Translocation                1
Comestibles
 d - 5 bread rations
 f - a beef jerky
 g - 3 meat rations
 v - 6 chunks of flesh


   Skills:
 - Level 2.0 Fighting
 * Level 5.7 Long Blades
 - Level 0.8 Armour
 - Level 1.1 Dodging
 + Level 2.5 Spellcasting
 - Level 4.0 Hexes
 + Level 3.7 Charms
 + Level 0.0 Necromancy
 - Level 3.2 Translocations


You had one spell level left.
You knew the following spells:

 Your Spells              Type           Power        Failure   Level  Hunger
a - Infusion              Chrm           ##..         8%          1    #......
b - Shroud of Golubria    Chrm/Tloc      ##........   10%         2    ##.....
c - Spectral Weapon       Hex/Chrm       ###.....     17%         3    ###....
d - Regeneration          Chrm/Necr      #.........   38%         3    ###....


Dungeon Overview and Level Annotations

Branches:
Dungeon (3/15)

Altars:
Makhleb
Vehumet

Annotations:
D:2 Sigmund


Message History

A magic dart appears from out of thin air!
The magic dart hits you!
You take 9 damage, and have 19/39 hp.
MASSIVE DAMAGE!!
You hit something. Something hits you but does no damage.
You miss something. You barely miss something. Something hits you!
* * * LOW HITPOINT WARNING * * *
Your shroud falls apart!
You take 9 damage, and have 10/39 hp.
MASSIVE DAMAGE!!
You closely miss something. Something hits you!
* * * LOW HITPOINT WARNING * * *
You take 9 damage, and have 1/39 hp.
MASSIVE DAMAGE!!
Your magical infusion is running out.
There is an open door here.
You see here a dagger.
You close the door.
Something unseen opens the door.
You are no longer magically infusing your attacks.
A puff of flame appears from out of thin air!
The puff of flame hits you!
You die...

################ #...).@........#
#.############.# #.# #.# #.# #)#
#.##### ####'##### ##
###########.#...#####........###.
............'................'...
###########.#......(.........##..
###### #.#....<.......######..


There were no monsters in sight!

Vanquished Creatures
  Purgy (D:3)
  A sky beast (D:3)
  2 orc wizards
  Robin (D:3)
  5 adders (D:3)
  5 worms
  5 leopard geckos
  7 orcs
  4 giant cockroaches (D:1)
  16 goblins
  13 hobgoblins
  7 jackals
  3 kobolds
  3 quokkas
  3 ball pythons
  9 bats
  7 frilled lizards
  5 rats
97 creatures vanquished.

Notes
Turn   | Place    | Note
-------+----------+-------------------------------------------
     0 | D:1      | Haldmier the High Elf Skald began the quest for the Orb.
     0 | D:1      | Reached XP level 1. HP: 14/14 MP: 4/4
    83 | D:1      | Reached skill level 3 in Long Blades
   160 | D:1      | Reached XP level 2. HP: 19/19 MP: 3/6
   233 | D:1      | Learned a level 2 spell: Shroud of Golubria
   734 | D:1      | Reached skill level 1 in Translocations
   744 | D:1      | Reached XP level 3. HP: 23/24 MP: 4/7
   753 | D:1      | Reached skill level 4 in Long Blades
   942 | D:1      | Learned a level 3 spell: Spectral Weapon
  2094 | D:2      | Noticed Sigmund
  2427 | D:2      | Reached skill level 1 in Hexes
  2590 | D:3      | Found a burning altar of Makhleb.
  2806 | D:2      | Reached XP level 4. HP: 11/29 MP: 3/8
  3258 | D:3      | Reached XP level 5. HP: 27/34 MP: 1/9
  3273 | D:3      | Noticed Robin
  3465 | D:3      | Noticed a sky beast
  3517 | D:3      | Killed a sky beast
  3517 | D:3      | Reached skill level 5 in Long Blades
  4145 | D:3      | Killed Robin
  4145 | D:3      | Reached XP level 6. HP: 39/39 MP: 1/10
  4250 | D:3      | Found a faded altar of an unknown god.
  4405 | D:3      | Found a radiant altar of Vehumet.
  4607 | D:3      | Noticed Purgy
  4618 | D:3      | Killed Purgy
  4623 | D:3      | Learned a level 3 spell: Regeneration
  5128 | D:2      | HP: 1/39 [something (10)]
  5142 | D:2      | Killed from afar by Sigmund

Skill      XL: |  1  2  3  4  5  6 |
---------------+-------------------+-----
Long Blades    | 3 4 5 |  5.7
Translocations | 1 2 3 |  3.2
Hexes          | 1 2 3 4 |  4.0
Fighting       | |  2.0
Armour         | |  0.8
Dodging        | |  1.1
Spellcasting   | |  2.5
Charms         | |  3.7

Action                   |  1- 3 |  4- 6 || total
-------------------------+-------+-------++-------
Melee: Falchion          |   119 |   173 ||   292
Throw: Tomahawk          |       |     5 ||     5
 Cast: Infusion          |    31 |    16 ||    47
       Shroud of Golubri |     9 |    12 ||    21
       Spectral Weapon   |       |     3 ||     3
 Stab: Sleeping          |     1 |     1 ||     2
  Eat: Chunk             |     7 |     9 ||    16
Armor: Leather armour    |    25 |    51 ||    76
Dodge: Dodged            |    81 |    78 ||   159
       Rpst.: Falchion   |    24 |    25 ||    49
